[Event "*** Titled Tuesday Blitz"]
[Site "Chess.com"]
[Date "2019.10.01"]
[Round "8"]
[White "ShahMatKanal"]
[Black "cool4chess"]
[Result "1-0"]
[WhiteElo "2472"]
[BlackElo "2582"]
[TimeControl "180+2"]
[EndTime "14:58:11 PDT"]
[Termination "ShahMatKanal won by checkmate"]

1. d4 d5 2. c4 c6 3. Nf3 Nf6 4.
e3 Bf5 5. Bd3 Ne4 6. O-O e6 7.
Nc3 Nd7 8. Qc2 Ndf6 9. Nd2 Nxd2 10. Bxd2 Bxd3 11. Qxd3 Bd6 12. e4 dxe4 13. Nxe4 Nxe4 14. Qxe4 O-O 15. Bc3 Qc7 16. h3 Rfd8 17. Rad1 Bf8 18. Rd3 Rd7 19. Rfd1 Rad8 20. h4 c5 21. d5 exd5 22.
cxd5 c4 23. Rg3 Qc5 24. Rg5 h6 25. Re5 b5 26. a3 Qd6 27. h5 Re7 28. f4 Qc5+ 29. Kh2 Red7 30. f5 Qf2 31. Bd4 Bd6 32. Bxf2 f6 33. Bg3 fxe5 34. f6 Rf7 35. fxg7 Rxg7 36. Rf1 Re8 37. Rf6 Bb8 38. Rg6 Re7 39. d6 Rd7 40. Qd5+ Kh7 41. Bxe5 Rxg6 42. hxg6+ Kxg6 43. Qe6+ Kg5 44. Qxd7 Bxd6 45. Qxd6 Kg4 46. Qg6+ Kh4 47.
g3# 1-0

[Event "*** Titled Tuesday Blitz"]
[Site "Chess.com"]
[Date "2019.10.01"]
[Round "8"]
[White "Mikhail_Golubev"]
[Black "GMKrikor"]
[Result "0-1"]
[WhiteElo "2518"]
[BlackElo "2801"]
[TimeControl "180+2"]
[EndTime "14:58:17 PDT"]
[Termination "GMKrikor won by resignation"]

1. e4 c5 2. Nf3 e6 3. d4 cxd4 4. Nxd4 Nc6 5. Nc3 a6 6. Be3 Nf6 7. Bd3 Bb4 8. O-O Bxc3 9. bxc3 d6 10. f3 O-O 11. Qd2 Ne5 12. Be2 Qc7 13. Nb3 d5 14. exd5 Nxd5 15. Bd4 Nc4 16. Bxc4 Qxc4 17. Rae1 b6 18.
Re4 Qc7 19. c4 Ne7 20. Be5 Qd7 21. Rd4 Qb7 22. Rd8 Ng6 23. Rd1 f6 24. Bc3 Qc7 25. Bb4 Rxd8 26. Qxd8+ Qxd8 27. Rxd8+ Kf7 28. c5 a5 29.
cxb6 axb4 30. Nc5 Ne5 31. b7 Bxb7 32. Nxb7 Rxa2 33. Rd4 Rxc2 34. Nd6+ Ke7 0-1

[Event "*** Titled Tuesday Blitz"]
[Site "Chess.com"]
[Date "2019.10.01"]
[Round "8"]
[White "SanchezKelvin"]
[Black "Roman_Ovetchkin"]
[Result "1/2-1/2"]
[WhiteElo "2531"]
[BlackElo "2647"]
[TimeControl "180+2"]
[EndTime "14:58:17 PDT"]
[Termination "Game drawn by agreement"]

1. d4 Nf6 2. c4 g6 3. Nc3 Bg7 4. Nf3 O-O 5. e4 d6 6. Be2 e5 7. dxe5 dxe5 8. Qxd8 Rxd8 9. Bg5 Re8 10. Nd5 Nxd5 11. cxd5 c6 12. Bc4 cxd5 13. Bxd5 Nd7 14. Rc1 h6 15. Be3 Nf6 16. O-O Nxd5 17. exd5 Rd8 18. Rfd1 e4 19. Nd2 Bg4 20. f3 exf3 21. Nxf3 b6 22. b3 Rd7 23. Rc2 Rad8 24. Rcd2 Bf5 25. Nd4 Rxd5 26. Nxf5 Rxd2 27. Rxd2 Rxd2 28. Ne7+ Kf8 29. Nxg6+ fxg6 30. Bxd2 Ke7 31. Kf2 Ke6 32. Ke3 Kd5 33. Kd3 b5 34. a4 a6 35. axb5 axb5 36.
h3 h5 37. Bb4 1/2-1/2

[Event "*** Titled Tuesday Blitz"]
[Site "Chess.com"]
[Date "2019.10.01"]
[Round "8"]
[White "kosmeg"]
[Black "AliKa2810"]
[Result "1-0"]
[WhiteElo "2504"]
[BlackElo "2585"]
[TimeControl "180+2"]
[EndTime "14:58:22 PDT"]
[Termination "kosmeg won by checkmate"]

1. d4 Nf6 2. c4 g6 3. Nc3 Bg7 4. e4 d6 5. Be2 O-O 6. Bg5 Na6 7. Qd2 e5 8. d5 Nc5 9. f3 h6 10. Be3 a5 11. g4 h5 12. h3 Nh7 13. O-O-O h4 14. Kb1 f5 15. gxf5 gxf5 16. Bxc5 dxc5 17.
exf5 Bxf5+ 18. Bd3 e4 19. Bxe4 Ng5 20. Bxf5 Rxf5 21.
f4 Nf7 22. Nf3 a4 23. Rhg1 Qf6 24. Ne4 Qh6 25. Nfg5 Kh8 26. Nxf7+ Rxf7 27. Ng5 Re7 28. Ne6 Bf6 29. f5 Qh5 30. Qf4 a3 31. Rde1 Rh7 32.
Rg6 Bxb2 33. Ng5 Re7 34. Nf7+ Rxf7 35. Rh6+ Qxh6 36. Qxh6+ Rh7 37. Qg6 Rg8 38. Re8 Rg7 39. Qh5+ Rh7 40. Rxg8+ Kxg8 41. Qe8+ Kg7 42. Qg6+ Kh8 43. f6 b6 44. Qe8# 1-0

[Event "*** Titled Tuesday Blitz"]
[Site "Chess.com"]
[Date "2019.10.01"]
[Round "8"]
[White "chessS1r"]
[Black "Bad4life"]
[Result "1-0"]
[WhiteElo "2479"]
[BlackElo "2355"]
[TimeControl "180+2"]
[EndTime "14:58:25 PDT"]
[Termination "chessS1r won by resignation"]

1. d4 d5 2. Bf4 Nf6 3. e3 c5 4.
dxc5 Nc6 5. Bb5 e6 6. b4 a5 7. c3 Ne4 8. f3 g5 9. Be5 Nf6 10. h4 Rg8 11. h5 Nd7 12. Bxc6 bxc6 13. Bg3 axb4 14. Ne2 bxc3 15. Nbxc3 Bxc5 16. Bf2 Qb6 17.
Qd3 Ba6 18. Qxh7 Nf6 19. Qb1 Qa5 20. Qc2 g4 21. h6 gxf3 22. gxf3 Ke7 23. Qd2 Nd7 24. Nxd5+ cxd5 25. Qxa5 Bxe2 26. Qc3 Bxf3 27. Rh3 Be4 28. Rc1 Rxa2 29. h7 Bxh7 30. Rxh7 Rg2 31. Bh4+ Kd6 32. Kf1 Rab2 33. Rxf7 Kc6 34. Rxd7 Kxd7 35.
Qxc5 Rbf2+ 36. Bxf2 1-0

[Event "*** Titled Tuesday Blitz"]
[Site "Chess.com"]
[Date "2019.10.01"]
[Round "8"]
[White "Grebeniuk-S"]
[Black "riconaipe"]
[Result "0-1"]
[WhiteElo "2490"]
[BlackElo "2618"]
[TimeControl "180+2"]
[EndTime "14:58:26 PDT"]
[Termination "riconaipe won by resignation"]

1. Nf3 d5 2. g3 Nf6 3. Bg2 c5 4. O-O Nc6 5. d3 g6 6. Nbd2 Bg7 7. e4 O-O 8. c3 e5 9. Re1 h6 10. exd5 Nxd5 11. Nc4 Re8 12. a4 Nb6 13. Ne3 Be6 14.
a5 Nd7 15. Qa4 Rc8 16. Nc4 Bxc4 17. dxc4 e4 18. Nd2 f5 19. Nf1 Nde5 20. Ne3 Nd3 21.
Rd1 Qc7 22. Nd5 Qf7 23. Bf1 Nce5 24. f4 Nf3+ 25. Kg2 g5 26. Bxd3 exd3 27. Be3 gxf4 28. gxf4 Qg6+ 29. Kxf3 Qg4+ 30. Kf2 Qe2+ 31. Kg1 Rxe3 32.
Nxe3 Qxe3+ 33. Kg2 Qe2+ 34. Kg1 Rc6 35. Qxc6 bxc6 36.
Re1 Qxb2 37. Rad1 Qxc3 38. Kg2 Qc2+ 39. Kf3 Bd4 40. Rf1 Qe2+ 41. Kg3 Kf7 0-1

[Event "*** Titled Tuesday Blitz"]
[Site "Chess.com"]
[Date "2019.10.01"]
[Round "8"]
[White "Sashadav97"]
[Black "francyIM"]
[Result "0-1"]
[WhiteElo "2521"]
[BlackElo "2662"]
[TimeControl "180+2"]
[EndTime "14:58:28 PDT"]
[Termination "francyIM won by checkmate"]

1. d4 c6 2. c4 Nf6 3. Nc3 d5 4. cxd5 cxd5 5. Bf4 Nc6 6. e3 a6 7. Be2 Bf5 8. Nf3 e6 9. O-O Bd6 10. Qb3 O-O 11. Bxd6 Qxd6 12. Rac1 b5 13. a3 Nd7 14. Qd1 Rfb8 15. Bd3 Bg6 16. Bxg6 hxg6 17. Ne2 b4 18. a4 b3 19. Nc3 Na5 20. e4 dxe4 21. Nxe4 Qd5 22.
Re1 Nc4 23. Qe2 Nd6 24. Nxd6 Qxd6 25. Ne5 Nf6 26. Red1 Rb4 27. Rc6 Qd5 28. h3 Rxd4 29. Rdc1 Re4 30. Rc8+ Kh7 31. Rxa8 Qxa8 32. Qd3 Rxe5 33.
Qxb3 Rg5 34. f3 Qd5 35. Qxd5 Rxd5 36. Rc6 a5 37. Rb6 Nd7 38. Rb7 g5 39. b4 axb4 40. Rxb4 Ra5 41. Rb7 Ne5 42. Rb4 Kg6 43. h4 gxh4 44.
Rxh4 f5 45. Rb4 Kf6 46. Rd4 Nc6 47. Rc4 Ne7 48. Kf2 Nd5 49. g4 Nb6 50. Rc6 Nxa4 51.
gxf5 Rxf5 52. Kg3 Nc5 53. f4 Nd3 54. Rd6 Nxf4 55. Kg4 Ng6 56. Ra6 Rc5 57. Ra1 Rc4+ 58. Kg3 Ne7 59. Kh3 Nf5 60. Ra8 g5 61. Rf8+ Ke5 62. Rg8 g4+ 63. Kh2 Kf4 64. Rb8 Rc2+ 65. Kg1 Nh4 66. Rf8+ Kg3 67. Kf1 Nf3 68. Rg8 Rf2# 0-1

[Event "*** Titled Tuesday Blitz"]
[Site "Chess.com"]
[Date "2019.10.01"]
[Round "8"]
[White "newauto"]
[Black "nitpicker"]
[Result "1/2-1/2"]
[WhiteElo "2008"]
[BlackElo "2256"]
[TimeControl "180+2"]
[EndTime "14:58:29 PDT"]
[Termination "Game drawn by repetition"]

1. e4 d5 2. exd5 Qxd5 3. Nc3 Qd8 4. d4 Nf6 5. Bc4 c6 6. Nf3 Bf5 7. O-O e6 8. Re1 Bb4 9. Bg5 Nbd7 10. Ne5 Nxe5 11. dxe5 Qxd1 12. Raxd1 Nd5 13. Nxd5 exd5 14. c3 Be7 15. Bxe7 Kxe7 16. Bd3 Ke6 17. h3 Rhe8 18.
f4 h5 19. Be2 g6 20. g4 hxg4 21. hxg4 Be4 22. Bd3 Bf3 23. Be2 Bxe2 24. Rxe2 Rh8 25. Rf1 Rh4 26. f5+ Ke7 27. Rg2 gxf5 28. gxf5 Re4 29. e6 fxe6 30. f6+ Kf7 31. Rg7+ Kf8 32. Rh7 Kg8 33. Rg7+ Kf8 34. Rxb7 Rg4+ 35. Kh2 e5 36. Kh3 Re4 37. Rh7 Kg8 38. Rg7+ Kf8 39. Rh1 Rf4 40.
Rh7 Kg8 41. Rg7+ Kf8 42. Rh7 Kg8 43. Rg7+ Kf8 1/2-1/2

[Event "*** Titled Tuesday Blitz"]
[Site "Chess.com"]
[Date "2019.10.01"]
[Round "8"]
[White "Perecke"]
[Black "chess4life23"]
[Result "0-1"]
[WhiteElo "2087"]
[BlackElo "2374"]
[TimeControl "180+2"]
[EndTime "14:58:30 PDT"]
[Termination "chess4life23 won by resignation"]

1. e4 c6 2. Nf3 d5 3. Nc3 e6 4. d4 dxe4 5. Nxe4 Nd7 6. Bd3 Ngf6 7. Ng3 Bd6 8. O-O c5 9. Be3 cxd4 10. Bxd4 O-O 11. Bc3 Qc7 12. Qe2 Re8 13. Nd4 a6 14. Rfe1 b5 15. Ne4 Bxh2+ 16. Kh1 Bb7 17. Nf3 Bf4 18.
Nxf6+ Nxf6 19. Bxf6 gxf6 20. Nh4 Qc5 21. Be4 Qg5 22.
g3 Bxe4+ 23. Qxe4 Bc7 24. Rad1 Rad8 25. Qc6 Be5 26. Nf3 Qh5+ 27. Kg2 Bxb2 28. Rh1 Qg6 29. c3 Qc2 30. Nd4 Qxc3 31. Qe4 Rxd4 32. Qxh7+ Kf8 33.
Rde1 Qc6+ 34. Kg1 Ke7 35. Qg7 Rf8 36. Rh6 Rd2 37. Qxf6+ Bxf6 0-1

[Event "*** Titled Tuesday Blitz"]
[Site "Chess.com"]
[Date "2019.10.01"]
[Round "8"]
[White "HrvojeZagreb"]
[Black "aranibos"]
[Result "1-0"]
[WhiteElo "2085"]
[BlackElo "2145"]
[TimeControl "180+2"]
[EndTime "14:58:30 PDT"]
[Termination "HrvojeZagreb won on time"]

1. d4 Nf6 2. Bf4 d6 3. Nc3 g6 4. e4 Bg7 5. Qd2 h6 6. O-O-O g5 7. Be3 Ng4 8. f3 Nxe3 9. Qxe3 a6 10. h4 e6 11. e5 gxh4 12. Nge2 Nc6 13. Nf4 Qg5 14. exd6 Nxd4 15. Rxd4 Bxd4 16. Qxd4 e5 17. Qa4+ Bd7 18. Bb5 Qxf4+ 19. Qxf4 exf4 20. Bxd7+ Kxd7 21. dxc7 Kxc7 22. Nd5+ Kc6 23. Nxf4 Rae8 24. Rxh4 Re1+ 25. Kd2 Ra1 26. a3 Rd8+ 27. Kc3 Rd6 28. Nd3 Rg1 29. Rg4 f5 30.
Rg7 Kb6 31. b4 h5 32. Nc5 h4 33. Rxb7+ Kc6 34. Rh7 Rxg2 35. Rxh4 Rdd2 36. Rf4 Rxc2+ 37. Kb3 Kb5 38. a4+ Kc6 39. Nxa6 Rb2+ 40. Kc3 Rgc2+ 41. Kd4 Kb6 42. b5 Rd2+ 43. Ke5 Re2+ 44. Kxf5 Rbd2 45.
Re4 Rd5+ 46. Ke6 1-0

[Event "*** Titled Tuesday Blitz"]
[Site "Chess.com"]
[Date "2019.10.01"]
[Round "8"]
[White "GadimbayliA"]
[Black "alishersuleymenov"]
[Result "1-0"]
[WhiteElo "2877"]
[BlackElo "2721"]
[TimeControl "180+2"]
[EndTime "14:58:33 PDT"]
[Termination "GadimbayliA won on time"]

1. e4 c5 2. Nf3 e6 3. d4 d5 4.
exd5 exd5 5. Bb5+ Nc6 6. O-O Nf6 7. Nbd2 Be7 8. dxc5 Bxc5 9. Re1+ Be6 10. Nb3 Bb6 11.
Nbd4 O-O 12. Be3 Rc8 13. c3 Ne4 14. h3 h6 15. Bd3 Nf6 16. Qd2 Ne4 17. Bxe4 dxe4 18.
Nxe6 fxe6 19. Bxb6 Qxb6 20. Rxe4 Rf6 21. Rae1 Rd8 22.
Qc2 Re8 23. R1e2 Qa5 24. a3 Kh8 25. Nd4 Nd8 26. Re5 Qc7 27. Qb3 Qd7 28. R5e3 a6 29. Nf3 Nc6 30. Ne5 Nxe5 31. Rxe5 Qc6 32. R5e4 b5 33.
Qb4 Qd5 34. Qd4 Qc6 35. f3 Ref8 36. Rd2 Qb7 37. Qc5 Qf7 38. Qe3 Qe7 39. Re2 Re8 40. Qb6 e5 41. Rxe5 1-0

[Event "*** Titled Tuesday Blitz"]
[Site "Chess.com"]
[Date "2019.10.01"]
[Round "8"]
[White "Bathory44"]
[Black "champ2005"]
[Result "0-1"]
[WhiteElo "2618"]
[BlackElo "2816"]
[TimeControl "180+2"]
[EndTime "14:58:38 PDT"]
[Termination "champ2005 won by resignation"]

1. e4 Nf6 2. e5 Nd5 3. d4 d6 4.
Nf3 dxe5 5. Nxe5 g6 6. Nd2 Bg7 7.
Ndf3 O-O 8. Be2 Nd7 9. O-O Nxe5 10. Nxe5 c5 11. Bf3 Be6 12. Re1 Qc7 13. Bxd5 Bxd5 14. Bf4 Qc8 15. dxc5 Rd8 16. Nd3 e6 17. Be5 f6 18. Bd6 b6 19. Nf4 Bc4 20. b3 Bh6 21. Qg4 e5 22. Qxc8 Raxc8 23. Nxg6 hxg6 24. bxc4 Kf7 25. Rad1 bxc5 26. Rd5 Rc6 27. Red1 Rdc8 28. g3 g5 29. h4 gxh4 30. gxh4 Ke6 31. R1d3 Bf4 32. f3 e4 33. Bxf4 exd3 34. Rxd3 Ra6 35. Re3+ Kf5 36. Bg3 Rxa2 37. Re7 Rxc2 38. Rxa7 Rg8 0-1

[Event "*** Titled Tuesday Blitz"]
[Site "Chess.com"]
[Date "2019.10.01"]
[Round "8"]
[White "Qvalda"]
[Black "przemekpiotrowski"]
[Result "0-1"]
[WhiteElo "2516"]
[BlackElo "2433"]
[TimeControl "180+2"]
[EndTime "14:58:43 PDT"]
[Termination "przemekpiotrowski won on time"]

1. d4 Nf6 2. c4 g6 3. g3 Bg7 4. Bg2 O-O 5. Nc3 d6 6. e3 c5 7. Nge2 Nc6 8. O-O Bf5 9. dxc5 dxc5 10. Bxc6 bxc6 11. Qxd8 Rfxd8 12. f3 Bd3 13. e4 Bxc4 14.
Be3 Nd7 15. Rfd1 Ne5 16. Kg2 Bxe2 17. Nxe2 Nd3 18. Rab1 Nxb2 19. Rxd8+ Rxd8 20. Bxc5 Rd2 21. Kf1 e6 22. Bxa7 h5 23. f4 e5 24. Be3 Rc2 25. f5 gxf5 26. exf5 Nc4 27. Rb8+ Kh7 28. Bg5 f6 29. Bh4 Rxa2 30. Rb7 Kh6 31. Nc3 Rc2 32.
Ne4 Ne3+ 33. Kg1 Rg2+ 34. Kh1 Re2 35. h3 Nxf5 36. Nc5 Nd4 37. Nd7 Nf3 38. Bg5+ fxg5 39. Rb2 Rxb2 0-1

[Event "*** Titled Tuesday Blitz"]
[Site "Chess.com"]
[Date "2019.10.01"]
[Round "8"]
[White "KhazarBabazada"]
[Black "VladDobrov"]
[Result "0-1"]
[WhiteElo "2845"]
[BlackElo "2958"]
[TimeControl "180+2"]
[EndTime "14:58:45 PDT"]
[Termination "VladDobrov won by checkmate"]

1. e4 c5 2. Nf3 Nc6 3. d4 cxd4 4. Nxd4 Qb6 5. Nb3 Nf6 6. Nc3 e6 7. Be3 Qc7 8. g4 Bb4 9. f3 d5 10. g5 Nh5 11. exd5 exd5 12. a3 Bxc3+ 13. bxc3 O-O 14. Qd2 Re8 15. O-O-O Ne5 16. Be2 Bf5 17. Rhe1 Rac8 18. Kb2 Re6 19. f4 Nc4+ 20. Bxc4 dxc4 21. Nd4 Rb6+ 22. Ka2 Bg4 23. Rb1 Rxb1 24. Rxb1 b6 25. Qg2 Qd7 26. Re1 g6 27. Bc1 Ng7 28. a4 Qxa4+ 29. Ba3 Be6 30. Qb7 Re8 31. Kb2 Qd7 32. Qa6 Qc7 33. Nb5 Qxf4 34. Qxa7 Qxg5 35. Nd6 Qe7 36.
Qxb6 Ra8 37. Bb4 Qd7 38. Ne4 Qa4 39. Nf6+ Kh8 40. Rd1 Bf5 41. Rd8+ Ne8 42. Ne4 Qa1# 0-1

[Event "*** Titled Tuesday Blitz"]
[Site "Chess.com"]
[Date "2019.10.01"]
[Round "8"]
[White "TrenerChos"]
[Black "LazarusChess92"]
[Result "0-1"]
[WhiteElo "2399"]
[BlackElo "2520"]
[TimeControl "180+2"]
[EndTime "14:58:46 PDT"]
[Termination "LazarusChess92 won by resignation"]

1. e4 c5 2. Nf3 d6 3. Bb5+ Nd7 4. O-O a6 5. Bxd7+ Bxd7 6. d4 cxd4 7. Nxd4 e5 8. Ne2 Nf6 9. Nd2 Be7 10. c4 O-O 11.
Nc3 b5 12. b3 Qb6 13. a4 Qb7 14. Nd5 Nxd5 15. cxd5 Rfc8 16. Qf3 Rc2 17. Qd1 Rac8 18.
axb5 Bxb5 19. Re1 R8c3 20. Nb1 Rxc1 21. Qxc1 Rxc1 22. Rxc1 g6 23. Nc3 Bg5 24. Rd1 Bd7 25. Rab1 Qb4 26. Rd3 Bb5 27. Nxb5 axb5 28. f3 Bd8 29. g3 Bb6+ 30. Kg2 h5 31. Rc1 Bc5 32. Rcd1 Kg7 33. Rc1 Qa3 34. Rc2 b4 35. Rxc5 dxc5 36. d6 Qa8 37. d7 Qd8 38. Rd5 Kf6 39. f4 exf4 40. gxf4 Ke6 41. Re5+ Kxd7 42. Rd5+ Ke7 43. Rxd8 Kxd8 44. Kf3 Kd7 45. Ke3 Kc6 46. Kd3 Kb5 47.
h4 c4+ 48. bxc4+ Kc5 49. e5 b3 50. Kc3 b2 51. Kxb2 Kxc4 52. Kc2 Kd4 53. Kb3 Ke4 54.
Kc4 Kxf4 55. Kd4 Kg4 56. Kd5 Kxh4 57. Kd6 Kg5 58. Ke7 Kf5 59. Kxf7 Kxe5 60. Kxg6 h4 61. Kg5 h3 62. Kg4 h2 63. Kg3 h1=Q 64. Kf2 Qe4 65.
Kg3 Qf4+ 66. Kg2 Qe3 67. Kf1 Qd2 68. Kg1 Kf4 0-1

[Event "*** Titled Tuesday Blitz"]
[Site "Chess.com"]
[Date "2019.10.01"]
[Round "8"]
[White "Tonychess32"]
[Black "dmosesov"]
[Result "0-1"]
[WhiteElo "2406"]
[BlackElo "2541"]
[TimeControl "180+2"]
[EndTime "14:58:47 PDT"]
[Termination "dmosesov won by resignation"]

1. e4 c5 2. Nf3 Nc6 3. Bc4 e6 4. d3 Nf6 5. O-O d5 6. exd5 exd5 7. Bb5 Be7 8. d4 O-O 9. dxc5 Bxc5 10. Nbd2 Bg4 11. h3 Bh5 12. Nb3 Bb6 13. c3 Ne4 14. Be2 Ng3 15. Re1 Nxe2+ 16. Qxe2 Re8 17. Qxe8+ Qxe8 18. Rxe8+ Rxe8 19. g4 Bg6 20. Nbd4 Nxd4 21. Nxd4 Re1+ 22. Kg2 h5 23. f3 hxg4 24. hxg4 Rd1 25.
Kf2 Bd3 26. b3 Ba6 27. Kg3 Bc7+ 28. Kf2 Be5 29. a4 Rxd4 30. f4 Rxf4+ 31. Bxf4 Bxf4 32. Kf3 Be5 33. Rc1 Bd3 34. Ke3 Be4 35. c4 b6 36. Rd1 Bd6 37. cxd5 Bc2 38. Rc1 Bc5+ 39. Kf4 Bxb3 40. Ke5 Kf8 41. Rh1 Ke7 42. Rh7 f6+ 43. Kf5 Bc2+ 0-1

[Event "*** Titled Tuesday Blitz"]
[Site "Chess.com"]
[Date "2019.10.01"]
[Round "8"]
[White "Samantha_Ross"]
[Black "Playgood28"]
[Result "1-0"]
[WhiteElo "2081"]
[BlackElo "2273"]
[TimeControl "180+2"]
[EndTime "14:58:52 PDT"]
[Termination "Samantha_Ross won by resignation"]

1. e3 e5 2. c4 f5 3. d4 e4 4. Nc3 Nf6 5. Nge2 g6 6. Nf4 Bg7 7. Be2 O-O 8. O-O d6 9. b4 a5 10. b5 c6 11. a4 g5 12. Nh5 Nxh5 13. Bxh5 Nd7 14. Be2 Nf6 15. Ba3 Be6 16. Rb1 Qc7 17.
d5 cxd5 18. Nxd5 Bxd5 19. cxd5 Nd7 20. Rc1 Nc5 21. Bxc5 dxc5 22. d6 Qb6 23. Qd5+ Kh8 24. Rxc5 Rad8 25. Rd1 Rd7 26. h3 Qd8 27. b6 Rf6 28.
Rc7 Rdxd6 29. Qxb7 Rxd1+ 30. Bxd1 Qxd1+ 31. Kh2 Qd6+ 32. g3 Rg6 33. Re7 f4 34. Re8+ Bf8 35.
Qf7 fxg3+ 36. Kg2 Rg8 37. b7 Qd1 38. b8=Q Qf3+ 39. Qxf3 exf3+ 40. Kxf3 gxf2 41. Kxf2 g4 42. Rxf8 1-0

[Event "*** Titled Tuesday Blitz"]
[Site "Chess.com"]
[Date "2019.10.01"]
[Round "8"]
[White "dlp300"]
[Black "r31415"]
[Result "1-0"]
[WhiteElo "2500"]
[BlackElo "2394"]
[TimeControl "180+2"]
[EndTime "14:58:56 PDT"]
[Termination "dlp300 won by checkmate"]

1. Nf3 Nf6 2. g3 b6 3. Bg2 Bb7 4. O-O c5 5. d3 e6 6. Nbd2 Be7 7. e4 d6 8. a4 a6 9. b3 Nbd7 10. Bb2 O-O 11. Re1 Qc7 12. h3 Rac8 13. c4 Rfd8 14.
Qe2 Bc6 15. Nh2 Qb7 16. f4 b5 17. axb5 axb5 18. Bc3 Bf8 19. g4 d5 20. g5 Ne8 21.
Ng4 d4 22. Bb2 Ra8 23. Rab1 Ra2 24. Bc1 Rda8 25. Qf2 Nc7 26. Qg3 Na6 27. Nf3 Nb4 28.
Nfe5 Nxe5 29. fxe5 Rc2 30. Rb2 Rc3 31. Bf1 Bxe4 32. Bg2 Bxg2 33. Rxg2 Nxd3 34. Nf6+ Kh8 35. Qh4 h6 36. gxh6 g6 37. Ne4 Be7 38. Bg5 f5 39. Bf6+ Kh7 40. Ng5+ Kg8 41. h7+ Kf8 42. h8=Q# 1-0

[Event "*** Titled Tuesday Blitz"]
[Site "Chess.com"]
[Date "2019.10.01"]
[Round "8"]
[White "NiranjanNavalgund"]
[Black "yuki_chess123"]
[Result "0-1"]
[WhiteElo "2412"]
[BlackElo "2202"]
[TimeControl "180+2"]
[EndTime "14:58:56 PDT"]
[Termination "yuki_chess123 won by checkmate"]

1. Nf3 g6 2. h4 h5 3. d4 Bg7 4.
e4 c6 5. c4 d5 6. cxd5 cxd5 7.
e5 Nc6 8. Nc3 Bg4 9. Bb5 e6 10.
Bg5 Ne7 11. Bxc6+ bxc6 12. Qa4 Bxf3 13. gxf3 O-O 14. Qa3 Re8 15. Na4 Bf8 16. Nc5 Qc8 17. f4 Nf5 18. O-O-O Rb8 19. Qxa7 Ra8 20. Qd7 Bxc5 21.
Qxc8 Rexc8 22. dxc5 Rxa2 23. Rh3 Rb8 24. Rd2 Rb5 25. Rc3 Raa5 26. Bd8 Ra1+ 27. Kc2 Rb8 28.
Bf6 Kf8 29. Rb3 Rxb3 30. Kxb3 Ke8 31. Kc3 Kd7 32. b4 Ra3+ 33. Kb2 Rf3 34. Ka1 Kc7 35. Ra2 Kb7 36. Bd8 Nd4 37. Bb6 Nb5 38. Bd8 Rxf4 39.
Rb2 Re4 40. Bf6 Nc3 41. Rb3 d4 42. Ra3 Re2 43. f4 d3 44. Rxc3 d2 45. Rd3 Re1+ 46.
Kb2 d1=Q 47. Rxd1 Rxd1 48. Kb3 Ka6 49. Kc4 Rc1+ 50. Kb3 Kb5 51. Bg5 Rc4 52. Ka3 Rxb4 53. Ka2 Re4 54. Kb3 Kxc5 55. Kc3 Kd5 56. Kd3 Ra4 57. Kc3 Ra3+ 58. Kb4 Rh3 59. Ka4 c5 60.
Kb5 Rb3+ 61. Ka4 Rb1 62. Ka3 c4 63. Ka2 Rb7 64. Ka3 c3 65. Ka2 c2 66. f5 gxf5 67. Bc1 Kxe5 68. Ka1 Rb1+ 69. Ka2 Rxc1 70. Kb2 Rh1 71.
Ka2 c1=Q 72. Kb3 Rh3+ 73. Kb4 Qb2+ 74. Kc4 Rc3# 0-1

[Event "*** Titled Tuesday Blitz"]
[Site "Chess.com"]
[Date "2019.10.01"]
[Round "8"]
[White "Jospem"]
[Black "Parhamov"]
[Result "0-1"]
[WhiteElo "2889"]
[BlackElo "3039"]
[TimeControl "180+2"]
[EndTime "14:59:00 PDT"]
[Termination "Parhamov won by resignation"]

1. c4 Nf6 2. Nf3 g6 3. g3 Bg7 4.
Bg2 O-O 5. O-O d5 6. cxd5 Nxd5 7. d4 Nb6 8. Nc3 Nc6 9. e3 Re8 10. Nh4 a5 11. f4 a4 12. Qe2 Be6 13. Rd1 Bc4 14. Qf2 e6 15. Nf3 Nd5 16. Nd2 Ba6 17. Nde4 b6 18. Bd2 Bc4 19. a3 Na5 20. Nxd5 exd5 21.
Bxa5 dxe4 22. Bb4 Qd5 23. Rac1 f5 24. Bf1 Bxf1 25. Qxf1 c6 26. Qc4 Rec8 27. Rd2 Qxc4 28. Rxc4 Kf7 29. Rd1 Ke6 30. Rc2 Kd5 31. h3 h5 32. h4 Rc7 33. Kf1 Rac8 34. Ke2 Rd7 35. Rdd2 Bf6 36. Kd1 Ke6 37. Kc1 Rdc7 38. Kb1 c5 39.
dxc5 bxc5 40. Bc3 Be7 41. Be5 Rb7 42. Rc4 Ra8 43. Ka2 Rd7 44. Rxd7 Kxd7 45. b3 axb3+ 46. Kxb3 Kc6 47. a4 Kd5 48. Rc2 Ra7 49. Rd2+ Kc6 50.
Bc3 c4+ 51. Kxc4 Rxa4+ 52. Kb3 Ra3+ 53. Kc4 Ra8 54. Rc2 Ra4+ 55. Kb3 Kb5 56. Rd2 Ra3+ 57. Kb2 Rxc3 58. Rd7 Rxe3 59. Rxe7 Rxg3 0-1

[Event "*** Titled Tuesday Blitz"]
[Site "Chess.com"]
[Date "2019.10.01"]
[Round "8"]
[White "Aariow"]
[Black "tteshan"]
[Result "0-1"]
[WhiteElo "2408"]
[BlackElo "2279"]
[TimeControl "180+2"]
[EndTime "14:59:03 PDT"]
[Termination "tteshan won by resignation"]

1. Nf3 Nf6 2. g3 g6 3. b3 Bg7 4. Bb2 O-O 5. Bg2 d6 6. d4 e5 7. dxe5 Ng4 8. h3 Nxe5 9. Nxe5 dxe5 10. Qxd8 Rxd8 11. Nd2 c6 12. O-O-O Bf5 13. Nc4 Nd7 14. g4 Be6 15. Na5 Rab8 16. e3 Kf8 17. Ba3+ Ke8 18.
Bd6 Nb6 19. Bxb8 Rxb8 20. a4 Nd5 21. Nc4 Ke7 22. Rhe1 g5 23. Bxd5 cxd5 24. e4 dxc4 25. b4 a5 26. b5 Rd8 27. Rxd8 Kxd8 28. c3 Kc7 29. f3 Bf8 30. Rh1 Bc5 31. h4 h6 32.
hxg5 Be3+ 33. Kc2 hxg5 34. Rh8 Kb6 35. Kd1 Bf4 36. Ke2 Kc7 37. Ra8 Kb6 38. Rd8 Kc7 39. Rd1 Bg3 40. Rb1 Kb6 41. Rb2 Bf4 42. Rb1 Kc5 43.
Rh1 Kb6 44. Rh8 Kc5 45. Rb8 Kb6 46. Kd1 Be3 47. Ke2 Bc5 48. Ra8 Ba3 49. Rd8 Kc7 50.
Ra8 b6 51. Re8 Bd6 52. Rg8 Be7 53. Kd2 Kd7 54. Rb8 Kc7 55. Ra8 Bc8 56. Ra7+ Bb7 57. Rxb7+ Kxb7 58. Kc2 Kc7 59. Kd2 Kd7 60. Kc2 Bc5 61.
Kd2 Ke7 62. Kc2 Ke6 63. Kd2 Kd6 64. Kc2 Be3 65. Kb2 Kc5 66. Kc2 Bd4 67. Kd2 Bxc3+ 68. Kxc3 f6 0-1

[Event "*** Titled Tuesday Blitz"]
[Site "Chess.com"]
[Date "2019.10.01"]
[Round "8"]
[White "SoltaniciR"]
[Black "LornerAcosta"]
[Result "0-1"]
[WhiteElo "2557"]
[BlackElo "2498"]
[TimeControl "180+2"]
[EndTime "14:59:05 PDT"]
[Termination "LornerAcosta won by resignation"]

1. e4 c5 2. Nf3 Nc6 3. Nc3 e5 4. Bc4 d6 5. d3 Be7 6. O-O Nf6 7. Ng5 O-O 8. f4 Bg4 9. Qe1 exf4 10. Bxf4 Nd4 11.
Qd2 h6 12. Nf3 Nxf3+ 13. gxf3 Be6 14. Bxe6 fxe6 15. Kh1 Kh7 16. Qg2 Nh5 17. Be3 Bg5 18. Bxg5 Qxg5 19. Qxg5 hxg5 20. Rg1 Rxf3 21. Rxg5 Nf4 22.
Rag1 g6 23. Nd1 Nh3 24. Rxg6 Nxg1 25. Rxg1 b5 26. a4 b4 27. Kg2 Rg8+ 28. Kxf3 Rxg1 29. Ne3 Rc1 30. Ke2 Rh1 31. Nc4 Rxh2+ 32. Kd1 d5 33. exd5 exd5 34. Ne3 Rh5 35. c4 d4 36. Ng4 Kg6 37. Nf2 Rh2 38. Ke2 Kf5 39. Kf3 Rh8 40. Ne4 Rh2 41. Nf2 Rh8 42. Ne4 Rh3+ 43. Ke2 Re3+ 44.
Kd2 Rxe4 45. dxe4+ Kxe4 46. b3 a5 47. Ke2 d3+ 48.
Kd2 Kd4 49. Kd1 Kc3 0-1

[Event "*** Titled Tuesday Blitz"]
[Site "Chess.com"]
[Date "2019.10.01"]
[Round "8"]
[White "platy3"]
[Black "Korchmar_Vasiliy"]
[Result "1-0"]
[WhiteElo "2849"]
[BlackElo "2681"]
[TimeControl "180+2"]
[EndTime "14:59:06 PDT"]
[Termination "platy3 won by resignation"]

1. e4 c5 2. Nf3 d6 3. d4 cxd4 4.
Nxd4 Nf6 5. Nc3 Nc6 6. f3 e5 7.
Nb3 Be7 8. Be3 O-O 9. Qd2 Be6 10. O-O-O a5 11. Bb5 Nb4 12. Kb1 d5 13. exd5 Nfxd5 14. Nxd5 Nxd5 15. Bc4 Nxe3 16. Qxe3 Qc8 17. Bxe6 Qxe6 18.
Rhe1 a4 19. Nc5 Bxc5 20. Qxc5 Rad8 21. Rxd8 Rxd8 22. b3 axb3 23. axb3 f6 24. f4 e4 25. f5 Qa6 26. Kb2 Ra8 27. Qc4+ Qxc4 28. bxc4 Re8 29. Kc3 g6 30. g4 Kg7 31. Kd4 Rd8+ 32. Ke3 Kh6 33. Rb1 Rc8 34. Rb4 gxf5 35. gxf5 Kg5 36. Kxe4 Re8+ 37. Kd5 Re7 38. Kd6 Re2 39. Rxb7 Rxh2 40.
Rb2 Rd2+ 41. Kc7 h5 42. c5 h4 43. c6 h3 44. Rb3 h2 45. Rh3 Rxc2 46. Kd7 Kxf5 47. c7 Kg4 48. Rxh2 Rxc7+ 49. Kxc7 f5 50. Kd6 f4 51. Ke5 Kg3 52. Rh8 f3 53. Rg8+ Kh2 54.
Rh8+ Kg2 55. Rg8+ Kh2 56. Rf8 Kg2 57. Kf4 f2 58. Rg8+ Kh3 59. Rh8+ Kg2 60. Rg8+ Kh1 61. Rh8+ Kg1 62. Rg8+ Kf1 63. Kf3 Ke1 64. Re8+ Kf1 65. Re2 1-0